[ AOE2 MATCH · #478501422 ]
UnrankedHindustanis vs Tatars
Rival team · LOSS
[ REPLAY ANALYSIS · EXTRACTED FROM THE RECORDED GAME ]
Feudal
9:53
Castle
19:15
Imperial
—
| APM avg | 45.9 |
| APM peak | 74 |
| eAPM avg | 22.8 |
| Villagers / military | 48 / 44 |
Focus
⚔️ 34.6% · 🌾 65.4%
Camel Scout ×15 · Armored Elephant ×11 · Scorpion ×9 · Scout Cavalry ×7 · Monk ×2
Feudal
11:08
Castle
24:33
Imperial
—
| APM avg | 21.4 |
| APM peak | 60 |
| eAPM avg | 13.7 |
| Villagers / military | 71 / 39 |
Focus
⚔️ 27.1% · 🌾 72.9%
Camel Scout ×20 · Spearman ×10 · Monk ×3 · Militia ×3 · Mangonel ×2 · Archer ×1
Match map
Initial resources + every placement click. Lines = walls · curves = elevation contours. ◆ gold · ⬟ stone · ● berries · ✦ relic · ◌ wall gap
Your base· ✓ Closed at 19:15 · 30t walls · 2 gate(s)
a.nour261's base· Open — opponent sealed themselves in
Smoothed initial terrain · ◌ = detected wall gap · hover for details
Inputs per minute
— {PG9 ALUNO DO PAGA} - - a.nour261
Build order — {PG9 ALUNO DO PAGA}
First 150 of 152 actions detected
| 0:01 | Create | Villager (Male) |
| 0:01 | Create | Villager (Male) |
| 0:01 | Create | Villager (Male) |
| 0:01 | Create | Villager (Male) |
| 0:06 | Build | House |
| 0:08 | Build | House |
| 1:14 | Create | Villager (Male) |
| 1:15 | Create | Villager (Male) |
| 1:40 | Create | Villager (Male) |
| 1:41 | Create | Villager (Male) |
| 2:08 | Create | Villager (Male) |
| 2:14 | Build | Lumber Camp |
| 2:25 | Create | Villager (Male) |
| 2:25 | Create | Villager (Male) |
| 3:25 | Create | Villager (Male) |
| 3:33 | Create | Villager (Male) |
| 3:33 | Create | Villager (Male) |
| 3:39 | Build | House |
| 3:54 | Create | Villager (Male) |
| 3:55 | Create | Villager (Male) |
| 3:55 | Create | Villager (Male) |
| 4:22 | Build | Mill |
| 4:26 | Build | Mill |
| 4:30 | Create | Villager (Male) |
| 5:05 | Create | Villager (Male) |
| 5:05 | Create | Villager (Male) |
| 5:54 | Research | Loom |
| 6:06 | Create | Villager (Male) |
| 6:25 | Build | Mining Camp |
| 7:14 | Research | Feudal Age |
| 7:14 | Research | Feudal Age |
| 7:18 | Research | Loom |
| 7:19 | Research | Feudal Age |
| 7:20 | Research | Feudal Age |
| 8:08 | Build | Barracks |
| 8:10 | Build | Palisade Wall |
| 8:48 | Build | House |
| 8:57 | Build | House |
| 9:31 | Create | Villager (Male) |
| 9:32 | Create | Villager (Male) |
| 9:47 | Build | House |
| 9:53 | Age | Feudal Age |
| 10:32 | Build | Stable |
| 10:41 | Create | Villager (Male) |
| 10:41 | Create | Villager (Male) |
| 10:48 | Build | Farm |
| 10:58 | Build | Farm |
| 11:16 | Build | Stone Wall |
| 11:20 | Build | Stone Wall |
| 11:28 | Build | Stone Wall |
| 11:34 | Build | House |
| 11:38 | Create | Villager (Male) |
| 11:39 | Create | Scout Cavalry |
| 11:39 | Create | Scout Cavalry |
| 11:41 | Create | Scout Cavalry |
| 11:41 | Research | Bloodlines |
| 11:46 | Build | Farm |
| 11:46 | Build | Farm |
| 11:49 | Create | Villager (Male) |
| 12:15 | Build | Palisade Wall |
| 12:23 | Build | Palisade Gate |
| 12:27 | Create | Villager (Male) |
| 12:28 | Build | Farm |
| 12:48 | Build | Palisade Wall |
| 13:09 | Create | Scout Cavalry |
| 13:31 | Create | Scout Cavalry |
| 14:18 | Build | Gate |
| 14:36 | Create | Scout Cavalry |
| 14:41 | Build | Farm |
| 14:41 | Build | Farm |
| 14:45 | Build | House |
| 14:54 | Build | Market |
| 15:02 | Build | Market |
| 15:03 | Build | House |
| 15:05 | Build | House |
| 15:29 | Create | Scout Cavalry |
| 16:35 | Research | Castle Age |
| 16:35 | Research | Castle Age |
| 17:41 | Build | Farm |
| 17:42 | Build | Farm |
| 19:10 | Build | Stable |
| 19:15 | Age | Castle Age |
| 19:17 | Build | Barracks |
| 19:26 | Build | Blacksmith |
| 19:33 | Create | Camel Scout |
| 19:33 | Create | Camel Scout |
| 19:35 | Create | Camel Scout |
| 19:41 | Build | Lumber Camp |
| 19:51 | Build | Blacksmith |
| 20:07 | Create | Camel Scout |
| 20:39 | Create | Villager (Male) |
| 20:39 | Create | Villager (Male) |
| 20:39 | Create | Villager (Male) |
| 21:04 | Build | Siege Workshop |
| 21:09 | Create | Camel Scout |
| 21:12 | Create | Villager (Male) |
| 22:00 | Build | Farm |
| 22:03 | Create | Villager (Male) |
| 22:18 | Create | Camel Scout |
| 22:18 | Create | Camel Scout |
| 22:26 | Create | Villager (Male) |
| 22:35 | Build | Farm |
| 22:50 | Create | Scorpion |
| 23:00 | Build | Monastery |
| 23:06 | Build | Monastery |
| 23:14 | Create | Scorpion |
| 23:42 | Create | Armored Elephant |
| 23:42 | Create | Armored Elephant |
| 23:52 | Create | Armored Elephant |
| 23:59 | Create | Villager (Male) |
| 24:11 | Build | Mining Camp |
| 24:14 | Build | Mining Camp |
| 24:24 | Create | Monk |
| 24:33 | Create | Villager (Male) |
| 24:33 | Create | Villager (Male) |
| 25:29 | Create | Armored Elephant |
| 25:30 | Create | Armored Elephant |
| 25:33 | Create | Villager (Male) ×3 |
| 25:33 | Create | Villager (Male) ×3 |
| 26:00 | Create | Armored Elephant |
| 26:00 | Create | Armored Elephant |
| 26:19 | Build | House |
| 26:20 | Build | House |
| 26:43 | Create | Scorpion |
| 26:45 | Create | Scorpion |
| 27:52 | Create | Armored Elephant |
| 27:52 | Create | Armored Elephant |
| 28:17 | Create | Villager (Male) |
| 28:17 | Create | Villager (Male) |
| 28:29 | Create | Armored Elephant |
| 28:40 | Build | Siege Workshop |
| 28:44 | Create | Camel Scout |
| 28:44 | Create | Camel Scout |
| 28:44 | Create | Camel Scout |
| 29:04 | Create | Villager (Male) |
| 29:04 | Create | Villager (Male) |
| 29:14 | Create | Armored Elephant |
| 29:45 | Create | Scorpion |
| 29:45 | Create | Scorpion |
| 29:45 | Create | Scorpion |
| 29:53 | Create | Villager (Male) |
| 29:58 | Create | Monk |
| 30:10 | Build | House |
| 30:11 | Build | House |
| 30:12 | Build | House |
| 30:26 | Create | Scorpion |
| 30:26 | Create | Scorpion |
| 30:41 | Create | Camel Scout |
| 30:41 | Create | Camel Scout |
| 31:50 | Create | Camel Scout |
Build order — a.nour261
First 150 of 177 actions detected
| 0:02 | Create | Villager (Male) |
| 0:02 | Create | Villager (Male) |
| 0:03 | Create | Villager (Male) |
| 0:03 | Create | Villager (Male) |
| 0:03 | Create | Villager (Male) |
| 0:08 | Build | House |
| 0:11 | Build | House |
| 1:26 | Create | Villager (Male) |
| 1:55 | Create | Villager (Male) |
| 1:55 | Create | Villager (Male) |
| 1:55 | Create | Villager (Male) |
| 2:14 | Build | Lumber Camp |
| 2:36 | Create | Villager (Male) |
| 2:37 | Create | Villager (Male) |
| 2:59 | Create | Villager (Male) |
| 2:59 | Create | Villager (Male) |
| 2:59 | Create | Villager (Male) |
| 3:17 | Build | House |
| 3:20 | Create | Villager (Male) |
| 3:20 | Create | Villager (Male) |
| 3:37 | Create | Villager (Male) |
| 3:37 | Create | Villager (Male) |
| 4:18 | Create | Villager (Male) |
| 4:19 | Create | Villager (Male) |
| 4:56 | Create | Villager (Male) |
| 4:56 | Create | Villager (Male) |
| 5:11 | Build | Mill |
| 5:37 | Build | Mill |
| 5:43 | Create | Villager (Male) |
| 5:43 | Create | Villager (Male) |
| 6:10 | Create | Villager (Male) |
| 6:10 | Create | Villager (Male) |
| 6:24 | Build | House |
| 6:27 | Build | House |
| 6:48 | Build | Mill |
| 6:49 | Create | Villager (Male) |
| 6:49 | Create | Villager (Male) |
| 7:06 | Create | Villager (Male) |
| 7:07 | Create | Villager (Male) |
| 7:07 | Create | Villager (Male) |
| 7:14 | Build | House |
| 7:26 | Research | Loom |
| 8:17 | Build | Barracks |
| 8:30 | Create | Villager (Male) |
| 8:42 | Build | House |
| 8:58 | Research | Feudal Age |
| 9:04 | Build | Mining Camp |
| 9:31 | Create | Militia |
| 9:32 | Create | Militia |
| 9:35 | Build | House |
| 9:40 | Build | Palisade Wall |
| 9:59 | Build | Palisade Wall |
| 10:39 | Create | Militia |
| 10:50 | Build | Palisade Wall |
| 11:03 | Create | Villager (Male) |
| 11:03 | Create | Villager (Male) |
| 11:08 | Age | Feudal Age |
| 11:31 | Create | Villager (Male) |
| 11:36 | Research | Double-Bit Axe |
| 11:47 | Create | Villager (Male) |
| 12:02 | Research | Man-at-Arms (upgrade) |
| 12:11 | Build | House |
| 12:38 | Create | Villager (Male) |
| 12:45 | Build | Archery Range |
| 13:35 | Create | Villager (Male) |
| 13:35 | Create | Villager (Male) |
| 13:36 | Create | Villager (Male) |
| 14:05 | Create | Spearman |
| 14:05 | Create | Spearman |
| 14:09 | Create | Archer |
| 14:21 | Build | Palisade Gate |
| 14:29 | Build | House |
| 14:34 | Build | Palisade Wall |
| 14:37 | Build | Farm |
| 14:38 | Build | Farm |
| 14:40 | Build | Farm |
| 14:42 | Build | Farm |
| 14:44 | Create | Villager (Male) |
| 14:45 | Create | Villager (Male) |
| 15:15 | Build | Lumber Camp |
| 15:17 | Create | Villager (Male) |
| 15:17 | Create | Villager (Male) |
| 15:19 | Build | Farm |
| 15:20 | Build | Farm |
| 15:38 | Build | Farm |
| 15:41 | Research | Town Watch |
| 15:52 | Build | House |
| 15:59 | Build | Farm |
| 16:10 | Create | Spearman |
| 16:10 | Create | Spearman |
| 16:28 | Build | House |
| 16:32 | Build | Farm |
| 16:34 | Create | Villager (Male) |
| 16:34 | Create | Villager (Male) |
| 16:35 | Create | Villager (Male) |
| 16:35 | Create | Villager (Male) |
| 17:14 | Create | Spearman |
| 17:15 | Create | Spearman |
| 17:15 | Create | Spearman |
| 17:15 | Create | Spearman |
| 17:33 | Build | Farm |
| 18:06 | Build | House |
| 18:16 | Build | House |
| 18:27 | Build | Stone Wall |
| 18:44 | Research | Wheelbarrow |
| 18:49 | Build | Farm |
| 18:53 | Build | Farm |
| 18:58 | Build | Farm |
| 19:01 | Build | Farm |
| 19:15 | Build | Gate |
| 19:28 | Build | Farm |
| 20:08 | Build | Stone Wall |
| 20:13 | Build | Stone Wall |
| 20:37 | Build | Market |
| 20:45 | Build | Mining Camp |
| 21:36 | Build | Gate |
| 21:45 | Create | Villager (Male) |
| 21:53 | Research | Castle Age |
| 21:53 | Research | Castle Age |
| 22:20 | Build | Blacksmith |
| 22:23 | Build | Stable |
| 22:26 | Research | Gold Mining |
| 22:27 | Research | Stone Mining |
| 22:37 | Create | Spearman |
| 22:38 | Create | Spearman |
| 23:07 | Build | Stable |
| 23:09 | Build | Stable |
| 23:12 | Research | Forging |
| 23:13 | Research | Scale Barding Armor |
| 23:40 | Build | Stone Wall |
| 23:44 | Build | Stone Wall |
| 23:50 | Research | Bloodlines |
| 24:01 | Build | Lumber Camp |
| 24:33 | Age | Castle Age |
| 24:33 | Build | Gate |
| 24:35 | Create | Villager (Male) |
| 24:35 | Create | Villager (Male) |
| 24:40 | Create | Camel Scout ×3 |
| 24:40 | Create | Camel Scout ×4 |
| 24:51 | Build | Mill |
| 24:52 | Build | Farm |
| 25:03 | Create | Villager (Male) |
| 25:04 | Create | Villager (Male) |
| 25:24 | Build | Monastery |
| 25:48 | Build | Farm |
| 25:52 | Research | Chain Barding Armor |
| 26:01 | Create | Villager (Male) |
| 26:04 | Create | Camel Scout |
| 26:04 | Create | Camel Scout |
| 26:05 | Create | Camel Scout |
Match timeline
| 8:08 | {PG9 ALUNO DO PAGA} · first_building Barracks |
| 8:10 | {PG9 ALUNO DO PAGA} · wall_segment Palisade Wall x1 |
| 8:17 | a.nour261 · first_building Barracks |
| 9:40 | a.nour261 · wall_segment Palisade Wall x7 |
| 9:53 | {PG9 ALUNO DO PAGA} · age_up feudal |
| 9:59 | a.nour261 · wall_segment Palisade Wall x12 |
| 10:32 | {PG9 ALUNO DO PAGA} · first_building Stable |
| 10:50 | a.nour261 · wall_segment Palisade Wall x14 |
| 11:08 | a.nour261 · age_up feudal |
| 11:16 | {PG9 ALUNO DO PAGA} · wall_segment Stone Wall x1 |
| 11:20 | {PG9 ALUNO DO PAGA} · wall_segment Stone Wall x1 |
| 11:28 | {PG9 ALUNO DO PAGA} · wall_segment Stone Wall x11 |
| 12:15 | {PG9 ALUNO DO PAGA} · wall_segment Palisade Wall x16 |
| 12:45 | a.nour261 · first_building Archery Range |
| 12:48 | {PG9 ALUNO DO PAGA} · wall_segment Palisade Wall x1 |
| 14:34 | a.nour261 · wall_segment Palisade Wall x5 |
| 16:12 | {PG9 ALUNO DO PAGA} · first_market_buy 100 food |
| 16:15 | {PG9 ALUNO DO PAGA} · first_market_sell 500 wood |
| 18:27 | a.nour261 · wall_segment Stone Wall x1 |
| 19:15 | {PG9 ALUNO DO PAGA} · age_up castle |
| 20:08 | a.nour261 · wall_segment Stone Wall x3 |
| 20:13 | a.nour261 · wall_segment Stone Wall x6 |
| 21:04 | {PG9 ALUNO DO PAGA} · first_building Siege Workshop |
| 22:23 | a.nour261 · first_building Stable |
| 23:00 | {PG9 ALUNO DO PAGA} · first_building Monastery |
| 23:40 | a.nour261 · wall_segment Stone Wall x6 |
| 23:44 | a.nour261 · wall_segment Stone Wall x2 |
| 24:33 | a.nour261 · age_up castle |
| 25:09 | a.nour261 · first_market_buy 100 wood |
| 25:24 | a.nour261 · first_building Monastery |
| 25:38 | a.nour261 · first_market_sell 100 stone |
| 29:40 | a.nour261 · first_building Siege Workshop |
| 31:57 | a.nour261 · resign |
[ AI ANALYSIS · 1 CREDIT ]
What really happened in this match?
Wolo.gg analyzes every decision: build order, eco, micro, common mistakes by bracket. Personalized analysis on WhatsApp or Discord in 30 seconds.
Civ guide
Hindustanis
Perfil
{PG9 ALUNO DO PAGA}